Map: Lightshade LE

Players

herO - Winner!

  • Race: Protoss Protoss

HeroMarine

  • Race: Terran Terran

Event: ASUS ROG Fall 2021

VOD

Have the link to the VOD?

Description

Time

  • Played on: Sept. 17, 2021, 8:32 a.m.
  • Length: 10:44

All games in this series

Show
View Real Time Build Order
Export as new Build Order

herO Protoss - Winner!

Build Orders: 1 Gate Expand, Blink Stalkers 

Get SALT Encoding   

  12  0:00  Probe  
  13  0:12  Probe  
  14  0:18  Pylon  
  14  0:24  Probe (Chrono Boost)  
  15  0:37  Probe (Chrono Boost)  
  15  0:40  Gateway  
  16  0:44  Probe (Chrono Boost)  
  17  0:50  Assimilator  
  17  0:52  Probe  
  18  1:04  Probe  
  19  1:16  Probe  
  20  1:27  Cybernetics Core  
  20  1:39  Nexus  
  20  1:42  Pylon  
  20  1:45  Probe  
  21  1:50  Assimilator  
  21  1:57  Probe  
  22  2:01  Adept (Chrono Boost)  
  22  2:03  Warp Gate  
  24  2:10  Probe  
  25  2:21  Adept (Chrono Boost)  
  25  2:22  Probe  
  26  2:28  Twilight Council  
  28  2:34  Probe  
  29  2:44  Adept  
  29  2:51  Probe (Chrono Boost)  
  33  2:52  Probe (Chrono Boost)  
  33  2:54  Pylon  
  33  3:00  Blink (Chrono Boost)  
  33  3:03  Probe (Chrono Boost)  
  35  3:08  Probe (Chrono Boost)  
  35  3:10  Probe (Chrono Boost)  
  36  3:19  Gateway  
  36  3:21  Probe x2  
  38  3:28  Gateway  
  38  3:35  Robotics Facility  
  38  3:37  Probe  
  38  3:41  Probe  
  40  3:49  Probe  
  40  3:52  Stalker  
  40  3:53  Probe  
  44  4:01  Probe  
  45  4:03  Pylon  
  45  4:05  Probe  
  45  4:06  Assimilator  
  46  4:14  Stalker  
  46  4:15  Stalker  
  46  4:16  Probe  
  51  4:17  Probe  
  51  4:23  Observer  
  53  4:24  Pylon  
  53  4:25  Stalker  
  53  4:28  Probe  
  53  4:29  Probe  
  57  4:45  Nexus  
  57  4:47  Pylon, Observer  
  58  4:53  Stalker x2  
  58  4:56  Stalker  
  58  4:59  Probe x2  
  66  5:06  Pylon  
  66  5:11  Robotics Bay  
  66  5:12  Assimilator, Probe  
  67  5:15  Pylon  
  67  5:19  Probe  
  68  5:25  Probe  
  69  5:31  Probe  
  67  5:44  Stalker  
  67  5:45  Stalker x2, Probe  
  67  5:46  Probe  
  75  5:57  Disruptor (Chrono Boost), Probe x2  
  75  5:58  Probe  
  81  6:05  Pylon  
  81  6:07  Forge  
  81  6:10  Probe x2 (Chrono Boost)  
  83  6:11  Probe (Chrono Boost)  
  84  6:22  Probe x2 (Chrono Boost)  
  84  6:23  Probe (Chrono Boost)  
  87  6:25  Disruptor  
  87  6:26  Shield Battery  
  87  6:29  Sentry x2  
  87  6:30  Probe x2 (Chrono Boost)  
  87  6:31  Probe (Chrono Boost)  
  97  6:35  Protoss Ground Weapons Level 1 (Chrono Boost)  
  97  6:36  Probe x2  
  98  6:40  Gateway  
  98  6:43  Gateway  
  98  6:46  Stalker  
  100  6:48  Phoenix  
  100  6:49  Probe x2  
  100  6:50  Probe  
  103  6:59  Charge  
  103  7:02  Colossus (Chrono Boost)  
  103  7:04  Assimilator x2  
  109  7:08  Gateway  
  109  7:11  Gateway, Zealot  
  109  7:12  Zealot  
  113  7:15  Pylon  
  113  7:17  Shield Battery  
  113  7:19  Sentry  
  113  7:22  Gateway  
  115  7:37  Zealot  
  115  7:40  Pylon  
  115  7:41  Pylon x2  
  115  7:43  Pylon  
  117  7:50  Shield Battery  
  117  7:52  Shield Battery  
  117  7:54  Colossus (Chrono Boost)  
  123  8:00  Stalker x2  
  123  8:01  Stalker x3  
  133  8:08  Zealot x2  
  137  8:19  Robotics Facility  
  137  8:23  Stalker x3  
  137  8:24  Protoss Ground Weapons Level 2 (Chrono Boost), Probe  
  137  8:25  Probe x2  
  143  8:34  Zealot x4  
  143  8:40  Warp Prism (Chrono Boost)  
  143  8:50  Zealot x4  
  139  8:56  Stalker x4  
  139  9:08  Observer  
  139  9:09  Colossus  
  143  9:13  Observer  
  143  9:15  Gravitic Drive  
  144  9:20  Stalker  
  144  9:21  Photon Cannon, Stalker  
  142  9:24  Probe x3  
  142  9:30  Zealot x2  
  149  9:36  Pylon x2  
  149  9:39  Templar Archives  
  147  9:56  Disruptor (Chrono Boost)  
  144  10:02  Disruptor (Chrono Boost), Zealot x8  
Show
View Real Time Build Order
Export as new Build Order

HeroMarine Terran 

Build Orders:  

Get SALT Encoding   

  12  0:00  SCV  
  13  0:12  SCV  
  14  0:16  Supply Depot  
  14  0:24  SCV  
  15  0:38  SCV  
  16  0:44  Refinery  
  16  0:46  Barracks  
  16  0:50  SCV  
  17  1:02  SCV  
  18  1:14  SCV  
  19  1:33  Marine, Orbital Command  
  19  1:49  Command Center  
  19  1:56  Factory  
  19  1:58  SCV  
  20  2:03  Barracks Reactor  
  20  2:09  Supply Depot  
  20  2:12  SCV  
  21  2:23  Bunker  
  21  2:24  SCV  
  22  2:30  Refinery  
  22  2:36  SCV  
  23  2:45  Hellion x2  
  23  2:48  SCV  
  28  2:55  Starport  
  28  3:00  SCV  
  28  3:05  Orbital Command  
  29  3:08  Widow Mine  
  33  3:13  Widow Mine  
  33  3:14  Barracks Tech Lab  
  33  3:17  SCV  
  34  3:29  SCV  
  34  3:32  SCV  
  34  3:33  Viking  
  38  3:39  Supply Depot  
  38  3:42  Cyclone  
  38  3:47  SCV x2  
  43  3:49  Marine x2  
  45  3:59  SCV  
  45  4:00  SCV  
  47  4:03  Medivac  
  47  4:04  Supply Depot  
  47  4:09  Marine x2  
  51  4:11  SCV  
  51  4:12  SCV  
  53  4:17  Engineering Bay  
  53  4:23  SCV  
  54  4:26  SCV, Siege Tank  
  54  4:27  Supply Depot  
  54  4:29  Marine x2  
  60  4:34  Starport Tech Lab  
  60  4:35  SCV  
  61  4:42  SCV  
  62  4:48  Marine x2, SCV  
  62  4:49  Supply Depot  
  65  4:55  SCV  
  65  4:58  Siege Tank  
  69  5:00  SCV  
  70  5:11  SCV, Barracks  
  70  5:12  SCV  
  70  5:13  Marine, Supply Depot  
  70  5:14  Marine  
  74  5:23  Barracks  
  74  5:26  SCV x2  
  74  5:27  Raven  
  78  5:34  Marine x2  
  78  5:43  SCV x2  
  78  5:45  Refinery  
  78  5:46  Refinery  
  78  5:47  Barracks x2  
  83  5:55  Marine x2  
  83  5:57  SCV x2  
  82  6:06  Marine, Stimpack, Factory Tech Lab  
  82  6:09  Terran Infantry Weapons Level 1  
  82  6:10  Supply Depot  
  83  6:13  Marine x2  
  83  6:16  Factory Reactor  
  83  6:17  SCV  
  86  6:21  Supply Depot, Starport Reactor  
  86  6:22  Supply Depot  
  86  6:23  Marine, Supply Depot, SCV  
  86  6:24  Marine  
  89  6:26  Combat Shield  
  89  6:31  Marine, Supply Depot  
  89  6:32  Supply Depot  
  90  6:33  Marine  
  90  6:37  Barracks Reactor  
  90  6:38  Barracks Tech Lab  
  91  6:41  Marauder  
  91  6:43  Marauder  
  95  6:49  Marine  
  95  6:50  Marine  
  95  6:58  Marine, Medivac  
  98  7:03  Medivac, Marauder  
  98  7:04  Marauder  
  98  7:06  Marine, Widow Mine  
  107  7:08  Marine  
  107  7:09  Widow Mine  
  110  7:16  Marine  
  110  7:18  Marine, Supply Depot, Command Center  
  112  7:24  Marauder  
  112  7:25  Marauder  
  112  7:26  Marine  
  112  7:27  Marine  
  112  7:29  Widow Mine  
  120  7:34  Marauder  
  120  7:35  Medivac  
  124  7:42  Medivac  
  124  7:43  Widow Mine  
  127  7:46  Marauder  
  127  7:47  Marine x3, Marauder  
  127  7:48  Marine  
  126  7:51  Concussive Shells  
  126  7:57  Marauder  
  128  8:02  Widow Mine  
  128  8:05  Marine x3, Widow Mine  
  135  8:15  Marine  
  135  8:16  Marauder x2  
  135  8:18  Marine  
  136  8:22  Medivac  
  136  8:23  Marine x2  
  72  8:27  Medivac  
  138  8:30  Widow Mine  
  131  8:36  Marauder  
  131  8:37  Marauder  
  131  8:40  Marauder  
  126  8:42  Marine x2  
  126  8:46  SCV  
  126  8:48  SCV  
  117  8:57  Marauder  
  117  8:58  Medivac, Marauder  
  112  9:03  Marine x4, Marauder  
  112  9:07  Orbital Command  
  112  9:10  SCV  
  112  9:11  SCV  
  110  9:19  Marauder  
  110  9:20  Marauder  
  110  9:21  Marine x2  
  110  9:23  SCV x2  
  116  9:24  Marauder  
  116  9:26  Factory Tech Lab  
  116  9:27  Viking  
  116  9:30  Viking  
  118  9:39  Refinery, SCV x3  
  118  9:40  Refinery, Marauder  
  118  9:41  Marauder  
  110  9:52  Marauder  
  110  9:57  Marine x2  
  109  10:02  Viking x2  
  109  10:03  Siege Tank, Marauder  
  109  10:07  Marauder  
  120  10:10  Marine x2  
  110  10:14  Marauder  
  110  10:15  Marine  
  110  10:18  Marine  
Tags
 
Add a new tag
Caveats
  • Supply blocks, unpowered buildings, or Contaminate may cause inaccurate times.
  • Supply counts are checked every 10 seconds.